 Dungeon Crawl Stone Soup version 0.23.1 (webtiles) character file.

Game seed: 6013213817052796817

1414 Zoledis the Cudgeler (level 8, -2/64 HPs)
             Began as a Barachi Chaos Knight on Mar 16, 2019.
             Was a Plaything of Xom.
             Slain by a killer bee (3 damage)
             ... on level 7 of the Dungeon.
             The game lasted 00:36:16 (5509 turns).

Zoledis the Cudgeler (Barachi Chaos Knight)         Turns: 5509, Time: 00:36:17

Health: -2/64      AC:  9    Str: 15 (16) XL:     8   Next: 71%
Magic:  9/9        EV: 12    Int: 11 (13) God:    Xom [.*....]
Gold:   363        SH:  4    Dex: 10 (11) Spells: 7/8 levels left

rFire    . . .     SeeInvis .   i - +2 flail (protect)
rCold    + . .     Gourm    .   d - +0 buckler
rNeg     . . .     Faith    .   b - +2 leather armour
rPois    .         Spirit   .   (helmet restricted)
rElec    .         Reflect  .   s - +0 cloak
rCorr    .         Harm     .   A - +1 pair of gloves
MR       .....                  (no boots)
Stlth    +.........             (no amulet)
HPRegen  0.20/turn              l - ring of protection from cold
MPRegen  0.11/turn              (no ring)

@: lethally poisoned (-2 -> -13), slow
A: +LOS, swims, horns 2, shaggy fur 1, slowness 1, MP-powered wands, strong legs
1
a: Hop, Renounce Religion


You were on level 7 of the Dungeon.
You worshipped Xom.
You were a plaything of Xom.
You were not hungry.

You visited 2 branches of the dungeon, and saw 8 of its levels.
You also visited: Sewer.

You collected 363 gold pieces.

Inventory:

Hand Weapons
 a - a +0 hand axe of chaos
 f - a +0 dagger of venom
 g - a +0 dagger of venom
 i - a +2 flail of protection (weapon)
 r - a +3 quarterstaff of chaos
 v - a +2 hand axe of venom
 B - a +0 antimagic halberd
Missiles
 p - 12 tomahawks (quivered)
 E - a throwing net
Armour
 b - a +2 leather armour (worn)
 d - a +0 buckler (worn)
 k - a +1 pair of gloves
 o - a +0 scale mail
 s - a +0 cloak (worn)
 u - a +0 pair of boots
 A - a +1 pair of gloves (worn)
Magical Staves
 n - an uncursed staff of poison {unknown}
Jewellery
 l - a ring of protection from cold (left hand)
Wands
 C - a wand of flame (25)
Scrolls
 e - 2 scrolls of remove curse
 q - a scroll of enchant armour {unknown}
 y - a scroll of teleportation
 z - a scroll of amnesia {unknown}
 D - a scroll of identify
Potions
 j - 2 potions of flight
 m - a potion of berserk rage
Comestibles
 c - 7 rations


   Skills:
 + Level 5.9 Fighting
 + Level 4.1(6.1) Axes
 + Level 7.0(7.5) Maces & Flails
 + Level 1.7 Throwing
 + Level 4.2 Armour
 + Level 3.9 Dodging
 + Level 1.6 Stealth
 + Level 3.5 Shields
 + Level 0.8 Spellcasting
 + Level 0.5 Transmutations


You had 7 spell levels left.
You knew the following spells:

 Your Spells              Type           Power        Failure   Level  Hunger
a - Beastly Appendage     Tmut           #.....       32%         1    ##.....

Your spell library contained the following spells:

 Spells                   Type           Power        Failure   Level  Hunger
 Sticks to Snakes         Tmut           #.......     45%         2    ###....
 Spider Form              Tmut/Pois      #.........   75%         3    ####...
 Ice Form                 Ice/Tmut       #.......     98%         4    #####..
 Blade Hands              Tmut           #.........   100%        5    ######.


Dungeon Overview and Level Annotations

Branches:
Dungeon (8/15)             Temple (1/1) D:6
   Lair: D:8-11

Altars:
Ashenzari
Cheibriados
Dithmenos
Elyvilon
Fedhas
Gozag
Hepliaklqana
Kikubaaqudgha
Makhleb
Nemelex Xobeh
Okawaru
Qazlal
Ru
Trog
Uskayaw
Vehumet
Wu Jian
Xom
Yredelemnul


Innate Abilities, Weirdness & Mutations

Shadows flee at your approach. (+LOS)
You can swim through water.
You cover ground slowly.
You can hop short distances.
You have a pair of horns on your head.
You are covered in fur. (AC +1)
You expend magic power (3 MP) to strengthen your wands.


Message History

The killer bee poisons you!
Really read the scroll of immolation?
As you read the scroll of immolation, it crumbles to dust.
The creatures around you are filled with an inner flame!
* * * LOW HITPOINT WARNING * * *
You feel sick.
The killer bee stings you but does no damage.
The killer bee stings you!
* * * LOW HITPOINT WARNING * * *
Unknown command.
You closely miss the killer bee.
The killer bee is severely wounded.
* * * LOW HITPOINT WARNING * * *
You feel sick.
The killer bee stings you but does no damage.
You block the killer bee's attack.
* * * LOW HITPOINT WARNING * * *
You feel sick. The killer bee stings you.
You die...
Xom chortles!

#.#..# #..#.....#
##.###.##.# #.##
#.# ##.###.##
##.#.# ##..#
###########..###.#
#§yy@§...........#
#.#########.####.#
.§. ..# #.... ###
#.#..# .. ... ..
...# # ..#. #...)


You could see 2 killer bees.

Vanquished Creatures
  Purgy (Sewer)
  An ice beast (D:4)
  An orc warrior (D:7)
  2 centaurs
  A big kobold (D:8)
  The ghost of Gunterle the Changer, an amateur SpTm (D:3)
  A water moccasin zombie (D:8)
  A wyvern skeleton (D:7)
  4 killer bees (D:7)
  A gnoll shaman (D:7)
  Crazy Yiuf (D:2)
  3 orc priests (D:7)
  An orc wizard (D:4)
  3 hounds
  A worker ant (D:4)
  A howler monkey zombie (D:6)
  8 gnolls
  3 adders
  A river rat (D:3)
  2 oozes
  An adder zombie (D:7)
  A worm (D:2)
  A dart slug (D:2)
  2 leopard geckos
  11 orcs
  A ball python (D:3)
  4 giant cockroaches
  10 hobgoblins
  2 jackals (D:1)
  A quokka (D:2)
  9 bats
  8 frilled lizards
  11 goblins
  13 kobolds
  A leopard gecko skeleton (D:3)
  9 rats
123 creatures vanquished.

Vanquished Creatures (collateral kills)
  An orc wizard (D:4)
  A worker ant (D:4)
  2 orcs (D:4)
  A jackal (D:4)
5 creatures vanquished.

Grand Total: 128 creatures vanquished

Notes
Turn   | Place    | Note
-------+----------+-------------------------------------------
     0 | D:1      | Zoledis the Barachi Chaos Knight began the quest for the
                  | Orb.
     0 | D:1      | Reached XP level 1. HP: 18/18 MP: 1/1
    42 | D:1      | Reached XP level 2. HP: 15/25 MP: 2/2
   771 | D:1      | Reached XP level 3. HP: 26/30 MP: 3/3
   922 | D:1      | XOM: divination: detect creatures
   966 | D:2      | Found a snail-covered altar of Cheibriados.
   987 | D:2      | XOM: butterfly on damage
  1396 | D:2      | Found a white marble altar of Elyvilon.
  1494 | D:2      | Found a runed translucent door.
  1495 | D:2      | Noticed Crazy Yiuf
  1534 | D:2      | XOM: scenery: 2 doors open
  1592 | D:2      | Reached skill level 1 in Maces & Flails
  1896 | D:2      | Reached skill level 1 in Shields
  1896 | D:2      | Reached XP level 4. HP: 37/37 MP: 4/4
  1962 | D:2      | Found a sparkling altar of Nemelex Xobeh.
  1965 | D:2      | Found a stormy altar of Qazlal.
  1965 | D:2      | Found a basalt altar of Yredelemnul.
  1965 | D:2      | Found a blossoming altar of Fedhas.
  1965 | D:2      | XOM: smoke on damage
  1969 | D:2      | Found an ornate altar of the Wu Jian Council.
  1976 | D:2      | Found a shimmering altar of Xom.
  1977 | D:2      | Found a shadowy altar of Dithmenos.
  1978 | D:2      | Found a shattered altar of Ashenzari.
  2181 | D:2      | Killed Crazy Yiuf
  2502 | D:3      | XOM: noise
  2516 | D:3      | Reached skill level 2 in Maces & Flails
  2518 | D:3      | Reached XP level 5. HP: 33/43 MP: 5/5
  2605 | D:3      | XOM: mild Fire miscast
  2628 | D:3      | Gained mutation: You expend magic power (3 MP) to
                  | strengthen your wands. [potion of mutation]
  2628 | D:3      | Gained mutation: You have a pair of small horns on your
                  | head. [potion of mutation]
  2687 | D:3      | Found a glowing drain.
  2717 | D:3      | XOM: mild Necr miscast
  2847 | Sewer    | Entered a sewer
  2880 | Sewer    | Noticed Purgy
  2884 | Sewer    | XOM: divination: detect creatures
  2892 | Sewer    | XOM: enchant monster (good)
  2894 | Sewer    | Killed Purgy
  2894 | Sewer    | Reached skill level 3 in Maces & Flails
  2894 | Sewer    | Reached XP level 6. HP: 40/49 MP: 6/6
  3031 | D:3      | Found a runed translucent door.
  3031 | D:3      | Noticed Gunterle's ghost (amateur SpTm)
  3051 | D:3      | Killed Gunterle's ghost
  3103 | D:3      | Found a faded altar of an unknown god.
  3411 | D:3      | XOM: harmless Tmut miscast
  3493 | D:4      | Reached skill level 4 in Maces & Flails
  3501 | D:4      | Reached skill level 1 in Stealth
  3685 | D:4      | Noticed an ice beast
  3691 | D:4      | XOM: noise
  3697 | D:4      | Killed an ice beast
  3697 | D:4      | Reached skill level 1 in Throwing
  3698 | D:4      | XOM: summons 4 friendly demons
  3704 | D:4      | Reached XP level 7. HP: 42/55 MP: 7/7
  4082 | D:4      | XOM: give mutations
  4082 | D:4      | Gained mutation: You have a pair of horns on your head.
                  | [Xom's grace]
  4082 | D:4      | Gained mutation: You are covered in fur. (AC +1) [Xom's
                  | grace]
  4096 | D:4      | XOM: scenery: create altars
  4121 | D:4      | Learned a level 1 spell: Beastly Appendage
  4149 | D:4      | XOM: confuse monster(s)
  4385 | D:4      | XOM: polymorph orc -> jackal
  4458 | D:4      | You fall through a shaft for 2 floors!
  4532 | D:6      | Found a staircase to the Ecumenical Temple.
  4543 | Temple   | Entered the Ecumenical Temple
  4568 | Temple   | XOM: scenery: 3 doors open
  4688 | D:6      | You fall through a shaft for 2 floors!
  4702 | D:8      | Reached skill level 5 in Maces & Flails
  4742 | D:8      | Reached skill level 5 in Fighting
  4765 | D:8      | Noticed a hippogriff
  4769 | D:8      | XOM: 3-stop teleportation journey
  4791 | D:7      | Reached XP level 8. HP: 41/62 MP: 9/9
  4848 | D:7      | Reached skill level 6 in Maces & Flails
  4858 | D:7      | XOM: mild Pois miscast
  5031 | D:7      | XOM: 2-stop teleportation journey
  5092 | D:7      | XOM: noise
  5485 | D:7      | XOM: harmless Pois miscast
  5497 | D:7      | Reached skill level 7 in Maces & Flails
  5501 | D:7      | XOM: smoke on damage
  5507 | D:7      | HP: 3/64 [killer bee (7)]
  5509 | D:7      | HP: 1/64 [poisoned by a killer bee]
  5509 | D:7      | Slain by a killer bee

Skill      XL: |  1  2  3  4  5  6  7  8 |
---------------+-------------------------+-----
Fighting       | 4 5 |  5.9
Axes           | 4 |  4.1
Maces & Flails | 1 2 3 4 5 7 |  7.0
Shields        | 1 2 3 |  3.5
Armour         | 3 4 |  4.2
Dodging        | 2 3 |  3.9
Stealth        | 1 |  1.6
Throwing       | 1 |  1.7
Spellcasting   | |  0.8
Transmutations | |  0.5

Action                   |  1- 3 |  4- 6 |  7- 9 || total
-------------------------+-------+-------+-------++-------
Melee: Hand axe          |    73 |       |       ||    73
       Flail             |    57 |   135 |   168 ||   360
       Headbutt          |       |    10 |    27 ||    37
       Kick              |       |       |     4 ||     4
Throw: Tomahawk          |       |    17 |    10 ||    27
 Cast: Beastly Appendage |       |       |     5 ||     5
  Use: Scroll            |     3 |     5 |     3 ||    11
       Potion            |       |     4 |     7 ||    11
 Stab: Paralysed         |       |     2 |       ||     2
  Eat: Chunk             |     4 |     6 |     4 ||    14
       Ration            |       |       |     1 ||     1
Armor: Leather armour    |    62 |    83 |    55 ||   200
Dodge: Dodged            |    77 |    99 |   125 ||   301
Block: Buckler           |     9 |    31 |    47 ||    87
